AoeStats
← NuMa | Gacha

Arabia

506191587Analyzed
2v2 RM · 21d ago on Sep 12, 2026· 56m 36s· 4 players
Game mode
Random Map
Map size
Medium (4 player)
Population
200
Speed
Normal
Resources
Standard
Victory
Conquest
Starting age
Dark Age
Ending age
Imperial Age
RankedLock teamsTeams togetherTeam positionsShared explorationLock speedFull tech treeHidden civsTurbo modeCheats
Victory
Defeat
🇹🇷 Vikings · Türkiye
1102
+15
🇨🇴 Italians · Colombia
1068
+16
🇨🇭 Maya · Switzerland
1289
-24
🇨🇭 Britons · Switzerland
855
-7
Dracarys
10:33 Feudal Age
10:56 Loom
16:05 Castle Age
14:06 Double-Bit Axe
18:54 Fletching
20:02 Bow Saw
20:17 Horse Collar
20:43 Stone Mining
23:06 Gold Mining
24:35 Heavy Plow
25:22 Town Watch
27:27 Bodkin Arrow
30:48 Gold Shaft Mining
31:43 Town Patrol
35:17 Imperial Age
33:49 Ballistics
33:21 Guard Tower
33:42 Masonry
33:13 Treadmill Crane
33:38 Gambesons
34:36 Squires
34:21 Arson
35:19 Chieftains
35:30 Scale Mail Armor
35:40 Forging
35:31 Padded Archer Armor
35:26 Capped Ram
36:37 Conscription
36:37 Chain Mail Armor
37:00 Crop Rotation
37:32 Siege Engineers
38:28 Chemistry
37:59 Architecture
38:33 Siege Ram
38:36 Elite Berserk
40:18 Hoardings
42:15 Plate Mail Armor
42:20 Iron Casting
41:46 Bracer
41:51 Man-at-Arms
44:18 Two-Man Saw
44:36 Long Swordsman
45:19 Two-Handed Swordsman
48:32 Blast Furnace
47:37 Scale Barding Armor
46:59 Champion
49:25 Light Cavalry
51:49 Chain Barding Armor
51:45 Leather Archer Armor
54:49 Caravan
55:56 Cavalier
57:11 Ring Archer Armor
NuMa | Gacha
7:39 Loom
10:17 Feudal Age
10:47 Double-Bit Axe
17:22 Fletching
20:31 Castle Age
18:54 Gold Mining
20:25 Padded Archer Armor
20:37 Crossbowman
21:15 Bodkin Arrow
22:57 Leather Archer Armor
25:18 Bow Saw
29:17 Wheelbarrow
28:58 Bloodlines
29:48 Scale Barding Armor
30:48 Hand Cart
30:43 Stone Mining
35:56 Imperial Age
33:53 Chain Barding Armor
33:01 Elite Skirmisher
36:14 Thumb Ring
36:33 Ballistics
37:21 Bracer
39:57 Chemistry
39:45 Husbandry
40:42 Cavalier
46:29 Ring Archer Armor
45:49 Horse Collar
47:18 Stone Shaft Mining
46:57 Forging
48:25 Conscription
53:55 Plate Barding Armor
55:06 Iron Casting
RentoMvP
9:06 Feudal Age
16:34 Wheelbarrow
19:13 Castle Age
18:37 Padded Archer Armor
19:33 Crossbowman
22:29 Fletching
23:58 Ballistics
24:40 Leather Archer Armor
25:41 Bodkin Arrow
37:08 Yeomen
44:50 Imperial Age
46:38 Chemistry
45:42 Bracer
46:39 Ring Archer Armor
49:49 Arbalester
52:16 Wheelbarrow
51:27 Double-Bit Axe
51:27 Horse Collar
52:37 Light Cavalry
53:18 Husbandry
56:19 Hand Cart
the Puchu
0:32 Loom
10:25 Feudal Age
11:23 Double-Bit Axe
13:03 Horse Collar
14:59 Fletching
20:55 Castle Age
21:33 Bodkin Arrow
20:58 Crossbowman
21:40 Padded Archer Armor
27:07 Ballistics
26:57 Thumb Ring
28:17 Town Watch
31:04 Gold Mining
32:55 Bow Saw
36:03 Imperial Age
34:30 Scale Mail Armor
34:33 Squires
35:34 Chain Mail Armor
35:37 Eagle Warrior
36:47 Forging
36:49 Arbalester
37:30 Bracer
38:25 Plate Mail Armor
38:47 Elite Eagle Warrior
41:53 Man-at-Arms
51:15 Pikeman
52:44 Halberdier
Connection lost

Rejoining the realm…

Still unreachable

The connection could not be restored.

Session expired

The server has moved on; the page needs a fresh start.